Unix NetHack Version 5.0.0-0 post-release - last build May 23 2026 06:08:33 (1c0ff79ee797540d5714e4e18072db0edd9e58ae,branch:main).

Game began 2026-05-28 01:09:43, ended 2026-05-28 01:41:08.

Brudee, neutral female human Tourist

                       #--------------------------------
                       #|..............................|
                       #|)--|-----..{.----....-.+-----.|
                       #|.|..|(.(|....|..|.......|...-.|
                       #|.|..|((^|....|..|....|{.|](.|.|
                       #|.|..|...|....| .|....-------|.|
                       #|)|-----|-....--|-......|.......
                       #|.|..@..(...@......--+..|....|.|
               ###    ##%.|..|)-|--..{.....|  |.-.._.|.|
      ---------#       #|.----.|..|%---....|  |)))%.)|.|
      |.......|#       #|..  .^|..|...|....|  |.-----|.|
      |.<......#       #|......---|...||-------..|   |.|
      |.......|        #|......   |...|.   |.....+   |..
      |.......-#########|......   |...|.   |.....|   |.|
      ---------         |........ ----------.....-----.|
                        |...............................
                        --------------------------------

Brudee the Excursionist     St:11 Dx:15 Co:11 In:12 Wi:11 Ch:18  Neutral S:4130
Dlvl:8  $:0  HP:0(58) Pw:33(33) AC:8  Xp:7/930 T:2671 

Latest messages:
 You see here a lamp (for sale, 59 zorkmids).
 "For you, good lady; only 59 zorkmids for this lamp."
 J - a lamp (unpaid, 59 zorkmids).
 You hear crashing rock.
 You see here a lamp (for sale, 9 zorkmids).
 That candle is a large mimic!
 You miss the large mimic.
 What do you want to write with? [- gqwBDHI or ?*] -
 You write in the dust with your fingertip.
 What do you want to write in the dust here? Elbereth
 Something is written here in the dust.
 You read: "Elbereth".
 You see here a lamp (for sale, 9 zorkmids).
 You bought a lamp for 59 gold pieces.
 "Thank you for shopping in Izchak's lighting store!"
 You get released!
 The large mimic turns to flee.
 You see here an uncursed pick-axe.
 You have a little trouble lifting an uncursed pick-axe.  Continue? [ynq] (q) q
 In what direction? k
 The door resists!
 You see here an uncursed pick-axe.
 The killer bee stings!
 You hit the killer bee.
 The killer bee stings!
 You have no ammunition readied.
 What do you want to fire? [$I or ?*] <space>
 Never mind.
 What do you want to use or apply? [gjknsBJ or ?*] ?
 You start playing your drum.
 You produce a heavy, thunderous rolling!
 The entire dungeon is shaking around you!
 "Halt!  You're under arrest!"
 An angry guard is approaching!
 The killer bee turns to flee.
 The watchman turns to flee.
 You hear crashing rock.
 Izchak zaps a long wand!
 The wand misses you.
 The watchman throws a knife!
 You catch the knife! K - a knife.
 The watchman falls into a pit!
 The watchman throws a spear!
 You are hit by a spear.
 Izchak zaps a long wand!
 The wand hits you!
 You die...
 Izchak comes and takes all your possessions.
 Do you want to see what you had when you died? [ynq] (y) y
 Do you want to see your attributes? [ynq] (y) q

Inventory:
 Weapons  (')')
  I - a +0 elven dagger
  K - a cursed -3 knife
  D - a +0 scimitar (weapon in right hand)
 Armor    ('[')
  x - a cursed +0 orcish helm (being worn)
  y - an uncursed +0 small shield (being worn)
 Comestibles  ('%')
  e - 5 uncursed slime molds
  b - 4 uncursed food rations
  G - an uncursed partly eaten food ration
  E - an uncursed lichen corpse
 Scrolls  ('?')
  h - an uncursed scroll of create monster
  C - an uncursed scroll of enchant armor
  z - an uncursed scroll of magic mapping
 Potions  ('!')
  l - 2 uncursed potions of gain energy
  r - 2 uncursed potions of healing
  t - an uncursed potion of paralysis
  d - an uncursed potion of sickness
  m - 2 blessed potions of speed
 Rings    ('=')
  q - an uncursed +1 ring of increase damage (on left hand)
  w - an uncursed ring of poison resistance
  H - an uncursed ring of slow digestion
 Wands    ('/')
  B - a wand of magic missile (0:2)
  g - a wand of speed monster (0:3)
 Tools    ('(')
  s - a bag of tricks (0:3)
  n - a cursed drum of earthquake (0:3)
  k - an uncursed credit card
  j - an expensive camera (0:56)
  J - an uncursed magic lamp

Brudee the Tourist's attributes:

Background:
 You were an Excursionist, a level 7 female human Tourist.
 You were neutral, on a mission for The Lady
 who was opposed by Blind Io (lawful) and Offler (chaotic).
 You were right-handed.
 You were in the Gnomish Mines, on level 8.
 You entered the dungeon 2671 turns ago.
 It was nighttime.
 You had 930 experience points, 350 more were needed to attain level 8.
 Your score was 4130 before end-of-game adjustments.

Basics:
 You had 0 out of 58 hit points.
 You had all 33 energy points (spell power).
 Your armor class was 8.
 Your wallet was empty.
 Autopickup was on for '$!=+?/"' plus thrown.

Final Characteristics:
 Your strength was 11 (limit:18/100).
 Your dexterity was 15 (limit:18).
 Your constitution was 11 (limit:18).
 Your intelligence was 12 (limit:18).
 Your wisdom was 11 (limit:18).
 Your charisma was 18 (limit:18).

Final Status:
 You weren't hungry.
 You were unencumbered.
 You were wielding a saber.
 You were unskilled in saber.

Final Attributes:
 You were devoutly aligned.
 You had a small damage bonus (+1).
 You were very fast.
 You are dead.

Miscellaneous:
 You encountered 1 bones level.
 Total elapsed playing time was 31 minutes and 24 seconds.

Major events:
 Turn
    1: Brudee the neutral female human Tourist entered the dungeon
  611: attained the rank of Sightseer (level 3)
 1713: entered the Gnomish Mines
 1971: attained the rank of Excursionist (level 6)
 2480: reached Mine Town
 2671: killed by a wand

You didn't know any spells.

Skills:
 Fighting Skills
   bare handed combat [Unskilled]
   two weapon combat  [Unskilled]
   riding             [Unskilled]
 Weapon Skills
   dagger             [Unskilled]
   knife              [Unskilled]
   axe                [Unskilled]
   pick-axe           [Unskilled]
   short sword        [Unskilled]
   broadsword         [Unskilled]
   long sword         [Unskilled]
   two-handed sword   [Unskilled]
   saber              [Unskilled]
   mace               [Unskilled]
   morning star       [Unskilled]
   flail              [Unskilled]
   hammer             [Unskilled]
   quarterstaff       [Unskilled]
   polearms           [Unskilled]
   spear              [Unskilled]
   trident            [Unskilled]
   lance              [Unskilled]
   bow                [Unskilled]
   sling              [Unskilled]
   crossbow           [Unskilled]
   dart               [Skilled]
   shuriken           [Unskilled]
   boomerang          [Unskilled]
   whip               [Unskilled]
   unicorn horn       [Unskilled]
 Spellcasting Skills
   divination spells  [Unskilled]
   enchantment spells [Unskilled]
   escape spells      [Unskilled]

Voluntary challenges:
 Character rerolling was not enabled.
 You never genocided any monsters.
 You never polymorphed an object.
 You never changed form.
 You used no wishes.
Achievements:
 You attained the rank of Sightseer.
 You entered the Gnomish Mines.
 You entered a shop.
 You attained the rank of Excursionist.
 You entered Minetown.
 You entered a temple.

 The Dungeons of Doom: levels 1 to 8
    Level 1:
    Level 2:
    Level 3:
    Level 4:
       A general store.
       Stairs down to The Gnomish Mines.
    Level 5:
       A fountain.
       Final resting place for
          h2g2-Ran-Elf-Fem-Cha, killed by a gnome lord.
    Level 6:
       A grave.
    Level 7: "WRAITH DOWN STAIR"
       Many fountains.
       Oracle of Delphi.
    Level 8:
 The Gnomish Mines: levels 5 to 8
    Level 5:
    Level 6:
    Level 7:
    Level 8: <- You were here.
       A lighting shop, a temple and an altar, some fountains, a sink.
       Final resting place for
          you, killed by a wand.


Vanquished creatures:
  a gnome ruler
  a dingo
  a raven
  a bugbear
  a rock mole
  5 gnome leaders
  2 gnomish wizards
  a floating eye
  a kitten
  6 dwarves
  a kobold shaman
  2 rothes
  a monkey
 an iguana
  5 killer bees
 an acid blob
  3 large kobolds
  a hobgoblin
  a giant rat
  a green mold
  a red mold
 31 gnomes
  a gnome zombie
  3 jackals
  a fox
  3 goblins
  3 grid bugs
  2 lichens
  3 newts
85 creatures vanquished.

No species were genocided or became extinct.

Game over:
                       ----------
                      /          \
                     /    REST    \
                    /      IN      \
                   /     PEACE      \
                  /                  \
                  |      Brudee      |
                  |       0 Au       |
                  | killed by a wand |
                  |                  |
                  |                  |
                  |                  |
                  |       2026       |
                 *|     *  *  *      | *
        _________)/\\_//(\/(/\)/\//\/|_)_______

Aloha Brudee the Tourist...

You died in The Gnomish Mines on dungeon level 8 with 4130 points,
and 0 pieces of gold, after 2671 moves.
You were level 7 with a maximum of 58 hit points when you died.

